 Dungeon Crawl Stone Soup version 0.31-a0-152-g6aa68a64a1 (webtiles) character file.

Game seed: 8780858998604421128

106 qw the Chopper (level 4, 0/28 HPs)
             Began as a Gargoyle Fighter on June 10, 2023.
             Slain by a gnoll
             ... wielding a +4 whip of electrocution
              (2 damage)
             ... on level 3 of the Dungeon.
             The game lasted 00:00:49 (1638 turns).

qw the Chopper (Gargoyle Fighter)                   Turns: 1638, Time: 00:00:50

Health: 0/28       AC: 12    Str: 22    XL:     4   Next: 84%
Magic:  4/4        EV:  9    Int:  8    God:
Gold:   196        SH:  4    Dex:  9    Spells: 3/3 levels left

rFire   . . .        Y - +0 war axe
rCold   + . .        c - +0 buckler
rNeg    + . .        b - +0 scale mail
rPois   inf          f - +0 helmet of Subjectivity {rC+ rCorr}
rElec   +            h - +0 cloak
rCorr   +            (no gloves)
SInv    .            (no boots)
Will    .....        g - amulet of regeneration Stlth
                     (no ring)
HPRegen 1.04/turn    (no ring)
MPRegen 0.09/turn

%: no passive effects
@: no status effects
A: sickness immunity, AC +3, negative energy resistance 1, electricity
resistance, torment resistance 1, petrification resistance
a: no special abilities


You were on level 3 of the Dungeon.
You visited 1 branch of the dungeon, and saw 3 of its levels.

You collected 196 gold pieces.


Innate Abilities, Weirdness & Mutations

You are immune to sickness and miasma.
Your stone body is resilient. (AC +3)
You are immune to poison.
You resist negative energy. (rN+)
You are resistant to electric shocks. (rElec)
You are resistant to unholy torment.
You are immune to petrification.


   Skills:
 - Level 3.2 Fighting
 + Level 4.4 Axes
 - Level 3.2 Armour
 - Level 3.2 Shields


You had 3 spell levels left.
You didn't know any spells.
Your spell library was empty.

Inventory:

Hand Weapons
 e - a +0 mace
 Y - a +0 war axe (weapon)
Missiles
 j - 2 boomerangs (quivered)
Armour
 a - the +15 Maxwell's patent armour {-Cast -Tele rElec Will+ rCorr}
   (You acquired it on level 1 of the Dungeon)

   rElec:     It insulates you from electricity.
   -Cast:     It prevents spellcasting.
   -Tele:     It prevents most forms of teleportation.
   rCorr:     It protects you from acid and corrosion.
   Will:      It increases your willpower.
 b - a +0 scale mail (worn)
 c - a +0 buckler (worn)
 f - the +0 helmet of Subjectivity (worn) {rC+ rCorr}
   (You acquired it on level 1 of the Dungeon)

   rC:        It protects you from cold.
   rCorr:     It protects you from acid and corrosion.
 h - a +0 cloak (worn)
Jewellery
 g - an amulet of regeneration (around neck)
Scrolls
 i - a scroll of amnesia {unknown}
Potions
 d - a potion of might
 k - 2 potions of berserk rage {unknown}

Dungeon Overview and Level Annotations

Branches:
Dungeon (3/15)

Altars:
Hepliaklqana
Xom
Zin

Shops:
D:1 (


Message History

You barely miss the gnoll. You closely miss the hound.
The hound bites you but does no damage. The gnoll hits you with a +0 club.
The gnoll hits you with a +0 flail! The hound bites you but does no damage.
You slash the gnoll!
You kill the gnoll!
You barely miss the gnoll. x2; You slash the hound!
The hound bites you but does no damage. The gnoll barely misses you.
You block the gnoll's attack. The hound bites you.
The gnoll hits you but does no damage. You block the gnoll's attack.
The gnoll closely misses you.
You barely miss the hound.
The hound is severely wounded.
You hit the gnoll. x3
The hound bites you. The hound barely misses you.
The gnoll hits you but does no damage.
The gnoll hits you with a +4 whip of electrocution.
The gnoll completely misses you.
You closely miss the hound.
The hound is severely wounded.
You closely miss the gnoll. You barely miss the gnoll.
You hit the gnoll but do no damage. The hound bites you but does no damage.
The gnoll barely misses you. You block the gnoll's attack.
The gnoll hits you with a +0 flail. The hound bites you but does no damage.
You closely miss the hound.
The hound is severely wounded.
You hit the gnoll but do no damage. You hit the gnoll.
You closely miss the gnoll. You block the hound's attack.
The gnoll closely misses you. The gnoll barely misses you.
The gnoll completely misses you. The hound bites you but does no damage.
You hit the gnoll.
You kill the gnoll!
You barely miss the gnoll. You barely miss the hound. You hit the gnoll.
The gnoll hits you but does no damage.
The gnoll hits you with a +4 whip of electrocution.
The hound barely misses you. The hound bites you but does no damage.
The gnoll hits you but does no damage.
The gnoll hits you with a +4 whip of electrocution.
You die...

........#.# ...#
....#...#.# ...#
#.#.###.#.# .....
#<#.....).# ####.$...
#######...#######........
.........................
########.................
##### #........)g.......
....# #........@h..##.#h
###.# #...#.....g...#
#.#.# #####......#.##
#.#.# ###..#.#.# ..#.#
##...#.# ###.#
#####...#.##### ....#
#......<#...... .# ###.#
#.####...########.# ..#.#
#...........#.###


You could see a hound and 2 gnolls.

Vanquished Creatures
  5 gnolls (D:3)
  2 adders (D:2)
  3 dart slugs
  An orc (D:3)
  3 bats
  5 endoplasms
  A giant cockroach (D:2)
  4 goblins
  3 hobgoblins (D:1)
  4 jackals (D:1)
  A quokka (D:2)
  4 ball pythons
  2 frilled lizards
  2 kobolds
  4 rats
44 creatures vanquished.

Notes
Turn   | Place    | Note
-------+----------+-------------------------------------------
     0 | D:1      | qw the Gargoyle Fighter began the quest for the Orb.
     0 | D:1      | Reached XP level 1. HP: 14/14 MP: 1/1
     0 | D:1      | 0 ||| qw: Version: 0.2-a-123-gb51047a
     0 | D:1      | 0 ||| qw: Game counter: 3784
     0 | D:1      | 0 ||| qw: Always use a shield: true
     0 | D:1      | 0 ||| qw: God list: Okawaru
     0 | D:1      | 0 ||| qw: Allow faded altars: false
     0 | D:1      | 0 ||| qw: Do Orc after D:15 true
     0 | D:1      | 0 ||| qw: Do second Lair branch before Depths: true
     0 | D:1      | 0 ||| qw: Lair rune preference: random
     0 | D:1      | 0 ||| qw: Plans: Normal, Zot:1-4, Slime:5, God:TSO, Crypt,
                  | Tomb, Abyss, Pan, Hells, Win
     0 | D:1      | 0 ||| PLANNING D:1-11
    65 | D:1      | Reached skill level 2 in Axes
    70 | D:1      | Reached XP level 2. HP: 10/19 MP: 2/2
   361 | D:1      | Found Han Punoopt's Weapon Shop.
   513 | D:1      | Reached skill level 3 in Axes
   706 | D:1      | 706 ||| UPGRADING to amulet of regeneration.
   711 | D:1      | 711 ||| DROPPING +6 ring of intelligence.
   712 | D:1      | 712 ||| READING 2 scrolls labelled NUM VUCHIPH.
   712 | D:1      | Identified 2 scrolls of acquirement
   712 | D:1      | 712 ||| ACQUIRING +0 helmet of Subjectivity {rC+ rCorr}
   712 | D:1      | Acquired the +0 helmet of Subjectivity {rC+ rCorr}
   713 | D:1      | 713 ||| READING scroll of acquirement.
   713 | D:1      | 713 ||| ACQUIRING +15 Maxwell's patent armour {-Cast -Tele
                  | rElec Will+ rCorr}
   713 | D:1      | Acquired the +15 Maxwell's patent armour {-Cast -Tele rElec
                  | Will+ rCorr}
   713 | D:1      | Found the +15 Maxwell's patent armour {-Cast -Tele rElec
                  | Will+ rCorr}
   715 | D:1      | 715 ||| UPGRADING to +0 helmet of Subjectivity {rC+ rCorr}.
   720 | D:1      | 720 ||| READING scroll labelled JUAROV RID.
   721 | D:1      | 721 ||| READING scroll labelled BARCHOC HAKAHU.
   724 | D:1      | 724 ||| READING scroll labelled VEDIRGHU ZIGE.
   771 | D:2      | Reached XP level 3. HP: 23/23 MP: 3/3
   886 | D:2      | You fall into a shaft and drop 1 floor!
   887 | D:3      | Found a glowing silver altar of Zin.
   945 | D:3      | Reached XP level 4. HP: 14/28 MP: 4/4
  1141 | D:3      | Reached skill level 4 in Axes
  1184 | D:3      | 1184 ||| UPGRADING to +0 cloak.
  1293 | D:2      | 1293 ||| Stepping ~*~*~tactically~*~*~ (stealth).
  1314 | D:2      | 1314 ||| Stepping ~*~*~tactically~*~*~ (stealth).
  1336 | D:2      | 1336 ||| Stepping ~*~*~tactically~*~*~ (hiding).
  1570 | D:2      | 1570 ||| READING scroll labelled AFUGRO SUXIE.
  1584 | D:3      | Found a hazy altar of Hepliaklqana.
  1585 | D:3      | Found a shimmering altar of Xom.
  1586 | D:3      | Noticed a spectral ugly thing
  1586 | D:3      | Noticed an earth elemental
  1626 | D:3      | 1626 ||| Stepping ~*~*~tactically~*~*~ (stealth).
  1636 | D:3      | HP: 5/28 [gnoll/+0 flail (6)]
  1638 | D:3      | HP: 2/28 [gnoll/+4 whip of electrocution (5)]
  1638 | D:3      | Slain by a gnoll

Levels and vault maps discovered:
D:1:      wheals_arrival_shading, layout_loops_ring, serial_shops,
          nicolae_shop_hallway_stairs
D:2:      layout_rooms
D:3:      mumra_celtic_spiral_tile, layout_basic,
          regret_index_temple_of_mockery, old_standard_altar,
          mainiacjoe_overflow_paths

Skill      XL: |  1  2  3  4 |
---------------+-------------+-----
Axes           | 2 3 4 |  4.4
Fighting       | |  3.2
Armour         | |  3.2
Shields        | |  3.2

Action                     |  1- 3 |  4- 6 || total
---------------------------+-------+-------++-------
  Melee: War axe           |    66 |    39 ||   105
  Throw: Boomerang         |       |     8 ||     8
    Use: Scroll            |     5 |     1 ||     6
 Armour: Scale mail        |    42 |    24 ||    66
  Dodge: Dodged            |    26 |    18 ||    44
  Block: Buckler           |    12 |    10 ||    22

Table legend:
 A = Non-vault XP
 B = Vault XP
 C = Vault XP percentage of total XP
 D = Non-vault monster count
 E = Vault monster count
 F = Vault count percentage of total count
                 A         B        C        D         E       F
            +---------+---------+-------+---------+---------+-------
      Total |     166 |       0 |   0.0 |      44 |       0 |   0.0
            +---------+---------+-------+---------+---------+-------
        D:1 |      32 |       0 |   0.0 |      17 |       0 |   0.0
        D:2 |      53 |       0 |   0.0 |      16 |       0 |   0.0
        D:3 |      81 |       0 |   0.0 |      11 |       0 |   0.0
            +---------+---------+-------+---------+---------+-------
